 Dungeon Crawl Stone Soup version 0.30-a0-168-g0b976cbdc4 (webtiles) character file.

Game seed: 9362222112250472403

219 Iusername the Covered (level 5, 0/69 HPs)
             Began as a Minotaur Fighter on Sept 29, 2022.
             Killed from afar by an orc wizard (1 damage)
             ... with a puff of flame
             ... on level 3 of the Dungeon.
             The game lasted 00:04:30 (3811 turns).

Iusername the Covered (Minotaur Fighter)            Turns: 3811, Time: 00:04:30

Health: 0/69       AC:  7    Str: 22    XL:     5   Next: 63%
Magic:  4/4        EV:  9    Int:  5    God:
Gold:   117        SH:  4    Dex: 10    Spells: 4/4 levels left

rFire   + . .      SeeInvis .    a - +0 long sword (protect)
rCold   + . .      Faith    .    c - +0 buckler
rNeg    . . .      Spirit   .    b - +0 scale mail
rPois   +          Reflect  .    (helmet restricted)
rElec   +          Harm     .    (no cloak)
rCorr   +          Rampage  .    (no gloves)
Will    .....                    (no boots)
Stlth   ..........               (no amulet)
HPRegen 0.21/turn                (no ring)
MPRegen 0.09/turn                (no ring)

@: berserking, resistant, very quick
A: horns 2, retaliatory headbutt
a: no special abilities


You were on level 3 of the Dungeon.
You visited 1 branch of the dungeon, and saw 4 of its levels.

You collected 117 gold pieces.

Inventory:

Hand Weapons
 a - a +0 long sword of protection (weapon)
Armour
 b - a +0 scale mail (worn)
 c - a +0 buckler (worn)
Scrolls
 d - a scroll of fear {unknown}
 e - 2 scrolls of blinking {unknown}
 f - 2 scrolls of amnesia
 g - a scroll of identify {unknown}
 j - a scroll of teleportation {unknown}
Potions
 h - a potion of curing {unknown}


   Skills:
 + Level 4.3 Fighting
 + Level 4.5 Long Blades
 + Level 5.7 Armour
 + Level 0.6 Dodging
 + Level 0.1 Stealth
 + Level 4.1 Shields


You had 4 spell levels left.
You didn't know any spells.
Your spell library contained the following spells:

 Spells                   Type           Power      Damage    Failure   Level
 Sandblast                Erth           0%         2d4       86%         1
 Slow                     Hex            0%         N/A       86%         1
 Call Imp                 Summ           0%         N/A       95%         2
 Confusing Touch          Hex            0%         N/A       99%         3
 Stone Arrow              Conj/Erth      0%         3d7       99%         3
 Vampiric Draining        Necr           0%         2d6       99%         3
 Summon Horrible Things   Summ           0%         N/A       100%        8


Dungeon Overview and Level Annotations

Branches:
Dungeon (4/15)
 Temple: D:4-7

Altars:
Nemelex Xobeh


Innate Abilities, Weirdness & Mutations

You have a pair of horns on your head.
You reflexively headbutt those who attack you in melee.


Message History

* * * LOW HITPOINT WARNING * * *
The orc barely misses you. You furiously retaliate!
You headbutt the orc!
You kill the orc!
You barely miss something.
You hear some strange, mumbled words.
You are confused.
Unknown command.
Something hits you but does no damage.
You're too confused to move!
Something hits you.
* * * LOW HITPOINT WARNING * * *
Something hits you.
* * * LOW HITPOINT WARNING * * *
Things that are here:
a +2 dagger of speed; a +0 robe Something completely misses you.
Something hits you but does no damage.
You're too confused to move!
You hear some strange, mumbled words.
A magic dart appears from out of thin air!
The magic dart hits you.
* * * LOW HITPOINT WARNING * * *
It was a potion of resistance.
You feel protected.
You feel less confused.
An orc wizard appears from thin air!
Reactivating autopickup.
The orc wizard hits you but does no damage.
It was a potion of berserk rage.
A red film seems to cover your vision as you go berserk!
You feel yourself moving faster!
You feel mighty!
The orc wizard hits you with a +0 dagger.
* * * LOW HITPOINT WARNING * * *
You feel a strong urge to attack something.
You barely miss the orc wizard. Your headbutt misses the orc wizard.
The orc wizard is lightly wounded.
The orc wizard hits you but does no damage.
You closely miss the orc wizard.
The orc wizard is lightly wounded.
The orc wizard points at you and mumbles some strange words.
The puff of flame hits you. You resist.
You die...

###### ########### #....#
#.........# #### #....#
#.........# ...# #....##
#.........# ...# ##....###
#.........# ...#
#.##...###...†.....# ..^###
#.##.o@..#.###.##### .....####
#.##.).#)..# #.#
...#....###.##..>##..# #.#
...####..##.#.....)..# #.##
##..####.#......#.##.###..#######
##..###..........)..............
##..##...###.###[..####.......#
#####.##.#.....# #...####.......#
...##.......######.#...##........


You could see an orc wizard.

Vanquished Creatures
  Terence (D:3)
  2 orc wizards (D:3)
  4 adders
  3 gnolls
  3 worms (D:3)
  2 dart slugs
  9 orcs
  An endoplasm (D:2)
  5 giant cockroaches
  A goblin (D:3)
  3 hobgoblins
  4 jackals (D:3)
  2 quokkas
  8 ball pythons
  2 bats (D:2)
  2 frilled lizards
  3 kobolds
  7 rats
62 creatures vanquished.

Notes
Turn   | Place    | Note
-------+----------+-------------------------------------------
     0 | D:1      | Iusername the Minotaur Fighter began the quest for the Orb.
     0 | D:1      | Reached XP level 1. HP: 19/19 MP: 0/0
   274 | D:1      | Reached XP level 2. HP: 27/27 MP: 1/1
   304 | D:1      | Got the Grimoire of the Mountains and Allies
   556 | D:1      | Reached skill level 4 in Armour
  1017 | D:2      | Reached XP level 3. HP: 27/33 MP: 2/2
  1103 | D:2      | Found a sparkling altar of Nemelex Xobeh.
  1247 | D:2      | Identified the +2 leather armour "Doorph" {-Cast rPois
                  | rC+++ Int-5}
  2158 | D:3      | Reached XP level 4. HP: 16/40 MP: 3/3
  2637 | D:3      | Identified the +5 ring mail of Precision Catastrophes {rF+
                  | rN+ Will+ Stlth+}
  2675 | D:3      | Noticed Terence
  2685 | D:3      | Killed Terence
  2686 | D:3      | Reached skill level 5 in Armour
  2965 | D:3      | Reached XP level 5. HP: 44/46 MP: 4/4
  3336 | D:3      | Found a faded altar of an unknown god.
  3806 | D:3      | HP: 1/46 [something/magic dart (6)]
  3811 | D:3      | Killed from afar by an orc wizard

Illustrated notes

Levels and vault maps discovered:
D:1:      evilmike_arrival_fibonacci_small, layout_basic
D:2:      layout_loops_corners, basic_altar
D:3:      layout_rooms, nicolae_ecumenical_oubliette, uniq_terence
D:4:      layout_loops_cross, kennysheep_generic_room_8

Skill      XL: |  1  2  3  4  5 |
---------------+----------------+-----
Fighting       | 4 |  4.3
Armour         | 4 5 |  5.7
Shields        | 4 |  4.1
Long Blades    | 3 4 |  4.5
Dodging        | |  0.6
Stealth        | |  0.1

Action                   |  1- 3 |  4- 6 || total
-------------------------+-------+-------++-------
Melee: Long sword        |    67 |   104 ||   171
       Headbutt          |    11 |     7 ||    18
  Use: Scroll            |       |     4 ||     4
       Potion            |       |     3 ||     3
Armor: Scale mail        |    18 |    79 ||    97
Dodge: Dodged            |    37 |    60 ||    97
Block: Buckler           |    13 |    23 ||    36

Table legend: (Time is in decaauts)
 A = Elapsed time spent in this place.
 B = Non-inter-level travel time spent in this place.
 C = Inter-level travel time spent in this place.
 D = Time resting spent in this place.
 E = Time spent auto-exploring this place.
 F = Levels seen in this place.
 G = Mean time per level.
                   A        B        C        D        E       F      G
               +--------+--------+--------+--------+--------+-----+--------+
         Total |   3858 |   3780 |     78 |   1419 |   1909 |   4 |  964.5 |
       Dungeon |   3858 |   3780 |     78 |   1419 |   1909 |   4 |  964.5 |
               +--------+--------+--------+--------+--------+-----+--------+

Top non-repeatable levels by time:
     D:2: 1792 daAuts
     D:3: 1303 daAuts
     D:1: 745 daAuts
     D:4: 17 daAuts
